 Dungeon Crawl Stone Soup version 0.19-a0-628-g9200b3b (webtiles) character file.

343 Stormphoenix the Basher (level 6, -4/62 HPs)
             Began as an Ogre Fighter on June 13, 2016.
             Slain by Grinder (9 damage)
             ... in a sewer.
             The game lasted 00:04:34 (2626 turns).

Stormphoenix the Basher (Ogre Fighter)              Turns: 2626, Time: 00:04:34

Health: -4/62      AC:  3    Str: 24    XL:     6   Next: 57%
Magic:  6/6        EV:  8    Int:  9    God:
Gold:   155        SH:  8    Dex:  9    Spells: 0 memorised, 5 levels left

rFire  . . .     SeeInvis .     a - +0 flail
rCold  . . .     Gourm    .     b - +0 robe
rNeg   . . .     Faith    .     c - +0 shield
rPois  .         Spirit   .     (helmet restricted)
rElec  .         Dismiss  .     (no cloak)
rCorr  .         Reflect  .     (gloves unavailable)
SustAt .         Harm     .     (boots unavailable)
MR     .....                    (no amulet)
Stlth  +.........               (no ring)
                                e - +2 ring of intelligence

@: flying, very slightly contaminated, hasted, very quick, not resistant to
hostile enchantments, very unstealthy
A: unfitting armour, tough skin 1
a: no special abilities


You were in a sewer.
You were not hungry.

You visited 1 branch of the dungeon, and saw 3 of its levels.
You also visited: Sewer.

You collected 155 gold pieces.

Inventory:

Hand Weapons
 a - a +0 flail (weapon)
Armour
 b - a +0 robe (worn)
 c - a +0 shield (worn)
Jewellery
 e - a +2 ring of intelligence (left hand)
Scrolls
 g - 4 scrolls of identify
Potions
 d - a potion of flight
Comestibles
 f - 3 bread rations
 h - a meat ration
 m - a beef jerky


   Skills:
 - Level 4.0 Fighting
 + Level 8.9 Maces & Flails
 - Level 2.6 Dodging
 - Level 2.6 Shields


You had 5 spell levels left.
You didn't know any spells.

Dungeon Overview and Level Annotations

Branches:
Dungeon (3/15)

Altars:
Zin

Annotations:
Sewer Grinder


Innate Abilities, Weirdness & Mutations

You are too large for most types of armour.
You have tough skin. (AC +1)


Message History

Grinder is moderately wounded.
Grinder hits you.
* * * LOW HITPOINT WARNING * * *
You writhe in agony.
* * * LOW HITPOINT WARNING * * *
You hit Grinder.
Grinder is moderately wounded.
Grinder blinks!
You see here a potion of flight.
You see here a dire flail.
You see here a fuming purple potion.
You hit Grinder but do no damage.
Grinder is moderately wounded.
Grinder closely misses you.
You closely miss Grinder.
Grinder is moderately wounded.
You closely miss Grinder.
Grinder is moderately wounded.
Grinder hits you!
You die...

#......#≈≈≈#.....
#+#######≈#######
......#(≈.#.....
≈.≈≈≈≈......≈≈≈.
≈≈≈≈≈≈#.((#≈≈≈≈≈
########)#######
#######.).######
###§§§##..§..##(..
###@..≈§'.......()≈.
#∩!5..§§'.§._.§.'§≈.
###%..≈.'.......'.§.
###...##.§.§.##...
#######...######
#+++#


You could see Grinder.

Vanquished Creatures
  2 big kobolds (Sewer)
  3 big kobold zombies (Sewer)
  A gnoll (D:1)
  A river rat (D:3)
  2 adders (D:2)
  3 ufetubi (Sewer)
  An ooze (D:1)
  4 worms
  4 dart slugs
  8 bats
  7 giant cockroaches
  6 hobgoblins
  4 jackals (D:1)
  3 ball pythons
  2 giant newts
  6 goblins (D:1)
  14 kobolds
  2 kobold zombies (Sewer)
  12 rats
85 creatures vanquished.

Vanquished Creatures (others)
  An ooze (Sewer)
1 creature vanquished.

Grand Total: 86 creatures vanquished

Notes
Turn   | Place    | Note
--------------------------------------------------------------
     0 | D:1      | Stormphoenix the Ogre Fighter began the quest for the Orb.
     0 | D:1      | Reached XP level 1. HP: 24/24 MP: 1/1
    29 | D:1      | Reached skill level 3 in Maces & Flails
    49 | D:1      | Reached skill level 4 in Maces & Flails
    49 | D:1      | Reached XP level 2. HP: 21/32 MP: 2/2
   247 | D:1      | Reached XP level 3. HP: 24/39 MP: 3/3
   664 | D:1      | Reached skill level 5 in Maces & Flails
  1102 | D:2      | Reached XP level 4. HP: 48/48 MP: 4/4
  1399 | D:2      | Reached skill level 6 in Maces & Flails
  1941 | D:3      | Found a glowing silver altar of Zin.
  1963 | D:3      | Found a glowing drain.
  1998 | D:3      | Reached XP level 5. HP: 37/54 MP: 5/5
  2023 | Sewer    | Entered a sewer
  2282 | Sewer    | Reached skill level 7 in Maces & Flails
  2309 | Sewer    | Found a burning altar of Makhleb.
  2309 | Sewer    | Noticed a big kobold
  2326 | Sewer    | Killed a big kobold
  2326 | Sewer    | Reached skill level 8 in Maces & Flails
  2326 | Sewer    | Reached XP level 6. HP: 33/62 MP: 6/6
  2588 | Sewer    | Noticed Grinder
  2626 | Sewer    | Slain by Grinder

Vault maps used:
D:1:      dpeg_arrival_subterranean_lakeside_camping
D:3:      zin_scriptorium, first_bread, portal_sewer_entry_b,
          kennysheep_generic_room_13, uniq_terence
Sewer:    kennysheep_sewer_church

Skill      XL: |  1  2  3  4  5 |
---------------+----------------+-----
Maces & Flails | 4 5 6 8 |  8.9
Fighting       | |  4.0
Dodging        | |  2.6
Shields        | |  2.6

Action                   |  1- 3 |  4- 6 || total
-------------------------+-------+-------++-------
Melee: Flail             |   109 |   191 ||   300
  Use: Scroll            |     1 |     2 ||     3
       Potion            |       |     5 ||     5
  Eat: Chunk             |     1 |     5 ||     6
Armor: Robe              |    33 |    42 ||    75
Dodge: Dodged            |    57 |    51 ||   108
Block: Shield            |    69 |    78 ||   147
